 Dungeon Crawl Stone Soup version 0.20.0-1-g1cb1d84 (webtiles) character file.

2843 tv1990 the Cleaver (level 10, -1/73 HPs)
             Began as a Formicid Fighter on May 26, 2017.
             Was an Elder of Okawaru.
             Slain by a two-headed ogre
             ... wielding a +0 giant spiked club
              (17 damage)
             ... on level 6 of the Dungeon on May 27, 2017.
             The game lasted 00:14:03 (5902 turns).

tv1990 the Cleaver (Formicid Fighter)               Turns: 5902, Time: 00:14:04

Health: -1/73      AC: 15    Str: 21    XL:     10   Next: 3%
Magic:  0/15       EV:  9    Int:  8    God:    Okawaru [****..]
Gold:   342        SH: 14    Dex: 13    Spells: 9/9 levels left

rFire    . . .     SeeInvis +   a - +0 war axe
rCold    . . .     Gourm    .   c - +1 shield
rNeg     . . .     Faith    .   m - +0 plate armour
rPois    .         Spirit   +   (helmet unavailable)
rElec    .         Reflect  .   (no cloak)
rCorr    .         Harm     .   g - +0 pair of gloves
MR       +....                  (no boots)
Stlth    ..........             w - amulet of guardian spirit
Regen    0.3/turn               (no ring)
MPRegen  0.2/turn               (no ring)

@: heroism, very slow
A: permanent stasis, dig shafts and tunnels, four strong arms, antennae 3
a: Dig, Shaft Self, Heroism, Renounce Religion


You were on level 6 of the Dungeon.
You worshipped Okawaru.
Okawaru was greatly pleased with you.
You were very hungry.

You visited 1 branch of the dungeon, and saw 6 of its levels.
You also visited: Sewer.

You collected 342 gold pieces.

Inventory:

Hand Weapons
 a - a +0 war axe (weapon)
 t - a cursed -2 flail
Armour
 b - a +0 scale mail
 c - a +1 shield (worn)
 g - a +0 pair of gloves (worn)
 m - a +0 plate armour (worn)
 n - a +0 buckler
Jewellery
 s - a +5 ring of evasion {unknown}
 w - an amulet of guardian spirit (around neck)
Scrolls
 h - 2 scrolls of magic mapping
 i - 4 scrolls of teleportation
 k - a scroll of enchant armour
 p - a scroll of remove curse
Potions
 e - a potion of agility
 j - 3 potions of flight {unknown}
 l - a potion of haste
 o - a potion of cancellation {unknown}
 q - a potion of resistance {unknown}
 r - 2 potions of degeneration {unknown}
 u - 6 potions of curing {unknown}
 v - a potion of invisibility {unknown}
 A - a potion of brilliance {unknown}
 B - 4 potions of heal wounds {unknown}
Comestibles
 f - 4 bread rations
 x - 2 meat rations
 z - a royal jelly


   Skills:
 - Level 4.7(9.7) Fighting
 * Level 9.4(14.4) Axes
 - Level 3.2(8.2) Armour
 + Level 8.7(13.7) Shields
 + Level 6.8 Invocations


You had 9 spell levels left.
You didn't know any spells.

Dungeon Overview and Level Annotations

Branches:
Dungeon (6/15)
 Temple: D:4-7

Altars:
Cheibriados
Dithmenos
Elyvilon
Kikubaaqudgha
Nemelex Xobeh
Okawaru
Sif Muna
Xom
Zin

Shops:
D:6 =


Innate Abilities, Weirdness & Mutations

You cannot be hasted, slowed, berserked, paralysed or teleported.
You can dig through walls and to a lower floor.
Your four strong arms can wield two-handed weapons with a shield.
You have a pair of large antennae on your head. (SInv)


Message History

Your unstable footing causes you to fumble your attack.
Your unstable footing causes you to fumble your attack.
The two-headed ogre hits you with a giant spiked club!!
The two-headed ogre hits you but does no damage.
Your unstable footing causes you to fumble your attack.
The two-headed ogre hits you but does no damage.
The two-headed ogre hits you with a dire flail!
The two-headed ogre hits you with a giant spiked club!
The two-headed ogre hits you but does no damage.
The two-headed ogre hits you with a giant spiked club!!
* * * LOW HITPOINT WARNING * * *
You block the two-headed ogre's attack.
The two-headed ogre hits you with a giant spiked club!
* * * LOW HITPOINT WARNING * * *
The two-headed ogre hits you with a dire flail.
* * * LOW HITPOINT WARNING * * *
You enter the shallow water.
Moving in this stuff is going to be slow.
The two-headed ogre hits you with a giant spiked club!!
You die...

#......#....#≈≈(≈≈≈≈≈≈≈≈≈≈.#
#.....(#....#≈≈≈≈≈≈≈≈≈≈≈≈≈.#
#......#.#..#≈≈≈≈≈≈≈≈≈≈≈≈≈.#
########.#..#≈≈≈≈≈≈≈≈≈≈≈≈≈.#
#...#..#≈≈≈≈≈...≈≈≈≈≈.#
#...#..#≈≈≈≈≈...≈≈≈≈≈.#
#...#..#≈≈≈≈≈...≈≈≈≈≈#*
#...#...≈≈≈≈≈≈≈≈≈≈≈≈≈#
#...#.$.@≈≈≈≈≈≈≈≈≈≈≈≈#
###########.##..≈O≈≈≈≈≈≈≈≈≈≈≈#
...........(##..≈≈≈≈≈≈≈≈≈≈≈≈≈#
##############..≈≈≈≈≈≈≈≈≈≈≈≈≈####
#............(......###..#####...
..############(....## #.## #....)
####.............### #.# ##._...
##.###....#....######.###......
#.........#..................8.


You could see a two-headed ogre.

Vanquished Creatures
  A two-headed ogre (D:5)
  Prince Ribbit (D:5)
  Sigmund (D:6)
  Duvessa (D:4)
  2 phantoms (D:5)
  A sky beast (D:5)
  A hornet zombie (D:6)
  2 ogres (D:4)
  4 centaurs (D:6)
  A big kobold (Sewer)
  2 bullfrogs (D:6)
  Dowan (D:4)
  2 crimson imps (D:5)
  A centaur zombie (D:5)
  An orc priest (D:5)
  A jelly (D:6)
  2 hounds
  An iron imp (D:5)
  2 centaur skeletons
  An iguana (D:4)
  6 orc wizards
  A howler monkey skeleton (D:5)
  A river rat (Sewer)
  5 adders
  A shadow imp (D:6)
  2 oozes
  2 worms (D:3)
  A dart slug (D:2)
  3 leopard geckos
  22 orcs
  A ball python (D:4)
  7 giant cockroaches
  7 goblins
  2 hobgoblins (D:1)
  12 jackals
  2 quokkas
  A ball python skeleton (D:4)
  A ball python zombie (D:5)
  7 bats
  3 frilled lizards
  6 kobolds
  5 rats
127 creatures vanquished.

Notes
Turn   | Place    | Note
-------+----------+-------------------------------------------
     0 | D:1      | tv1990 the Formicid Fighter began the quest for the Orb.
     0 | D:1      | Reached XP level 1. HP: 18/18 MP: 1/1
   159 | D:1      | Reached XP level 2. HP: 24/24 MP: 2/2
   496 | D:1      | Found a sacrificial altar of Ru.
   498 | D:1      | Found a deep blue altar of Sif Muna.
   498 | D:1      | Found an iron altar of Okawaru.
   500 | D:1      | Found a shimmering altar of Xom.
   500 | D:1      | Found a sparkling altar of Nemelex Xobeh.
   500 | D:1      | Found a glowing silver altar of Zin.
   562 | D:1      | Reached XP level 3. HP: 23/29 MP: 3/3
   845 | D:2      | Found an iron altar of Okawaru.
   867 | D:2      | Became a worshipper of Warmaster Okawaru
  1287 | D:3      | Reached skill level 3 in Axes
  1287 | D:3      | Reached XP level 4. HP: 7/37 MP: 4/4
  1607 | D:3      | Reached XP level 5. HP: 34/42 MP: 5/5
  2315 | D:4      | Noticed an ogre
  2322 | D:4      | Killed an ogre
  2322 | D:4      | Reached * piety under Okawaru
  2322 | D:4      | Reached skill level 4 in Axes
  2322 | D:4      | Reached skill level 5 in Shields
  2322 | D:4      | Reached XP level 6. HP: 6/49 MP: 6/6
  2662 | D:4      | Noticed Duvessa
  2662 | D:4      | Noticed Dowan
  2679 | D:4      | Killed Duvessa
  2679 | D:4      | Reached skill level 1 in Invocations
  2684 | D:4      | Killed Dowan
  2684 | D:4      | Reached XP level 7. HP: 51/55 MP: 6/8
  2833 | D:4      | Reached skill level 5 in Axes
  3154 | D:4      | Reached ** piety under Okawaru
  3508 | D:5      | Entered Level 5 of the Dungeon
  3644 | D:5      | Noticed a two-headed ogre
  3654 | D:5      | Killed a two-headed ogre
  3654 | D:5      | Reached *** piety under Okawaru
  3654 | D:5      | Reached skill level 7 in Axes
  3654 | D:5      | Reached XP level 8. HP: 4/61 MP: 7/11
  3968 | D:5      | Noticed Prince Ribbit
  4123 | D:5      | Found a snail-covered altar of Cheibriados.
  4188 | D:5      | Reached skill level 5 in Invocations
  4188 | D:5      | Reached XP level 9. HP: 54/66 MP: 12/12
  4194 | D:5      | Reached **** piety under Okawaru
  4359 | D:5      | Reached skill level 8 in Axes
  4426 | D:5      | Killed Prince Ribbit
  4861 | D:6      | Found a glowing drain.
  4897 | Sewer    | Entered a sewer
  4983 | Sewer    | Found a white marble altar of Elyvilon.
  5367 | D:6      | Found a white marble altar of Elyvilon.
  5382 | D:6      | Found a shadowy altar of Dithmenos.
  5382 | D:6      | Found an ancient bone altar of Kikubaaqudgha.
  5382 | D:6      | Found a snail-covered altar of Cheibriados.
  5392 | D:6      | Noticed Sigmund
  5401 | D:6      | Killed Sigmund
  5401 | D:6      | Reached skill level 9 in Axes
  5617 | D:6      | Found Joeskob's Jewellery Boutique.
  5678 | D:6      | Noticed a two-headed ogre
  5725 | D:6      | Reached XP level 10. HP: 54/73 MP: 12/15
  5902 | D:6      | Slain by a two-headed ogre

Skill      XL: |  1  2  3  4  5  6  7  8  9 |
---------------+----------------------------+-----
Shields        | 4 5 7 8 |  8.7
Fighting       | 4 |  4.7
Axes           | 3 4 7 9 |  9.4
Invocations    | 1 4 5 6 |  6.8
Armour         | |  3.2

Action                   |  1- 3 |  4- 6 |  7- 9 | 10-12 || total
-------------------------+-------+-------+-------+-------++-------
Melee: War axe           |   102 |   109 |   287 |    14 ||   512
Invok: Heroism           |       |     1 |     8 |     1 ||    10
 Abil: Dig               |     1 |       |     1 |       ||     2
  Use: Potion            |       |     1 |       |       ||     1
       Scroll            |       |       |    10 |       ||    10
  Eat: Chunk             |     1 |     5 |    10 |       ||    16
Armor: Scale mail        |    38 |       |       |       ||    38
       Plate armour      |    24 |    65 |   157 |     5 ||   251
Dodge: Dodged            |    35 |    29 |    74 |     1 ||   139
Block: Shield            |    49 |       |    28 |     8 ||    85
       Buckler           |     8 |    28 |    73 |       ||   109

Vault maps used:
D:1:      sevenhm_arrival_forest_fort_large_1, doesnt_xom_only_xom
D:2:      cheibrodos_pilgrimage, kennysheep_okawaru_gauntlet
D:4:      first_bread, minmay_misc_feat_secret_circle, minivault_26,
          minmay_misc_feat_cross, uniq_duvessa
D:5:      chei_slow_surprise, uniq_prince_ribbit1
D:6:      nicolae_whirlpool, grunt_temple_overflow_open, serial_shops,
          nicolae_shop_crystal, gup_sewer_entry_glass, uniq_sigmund
Sewer:    sewer_kobolds
